 Dungeon Crawl Stone Soup version 0.28.0-1-gb440e238dd (webtiles) character file.

Game seed: 9690029332994146694

49 Sanktem7 the Skirmisher (level 3, -2/34 HPs)
             Began as a Minotaur Fighter on Feb 25, 2022.
             Slain by a gnoll (8 damage)
             ... on level 2 of the Dungeon.
             The game lasted 00:01:49 (767 turns).

Sanktem7 the Skirmisher (Minotaur Fighter)           Turns: 767, Time: 00:01:50

Health: -2/34      AC:  7    Str: 22    XL:     3   Next: 51%
Magic:  2/2        EV:  9    Int:  5    God:
Gold:   20         SH:  4    Dex:  9    Spells: 2/2 levels left

rFire   . . .      SeeInvis .   a - +0 war axe {axe}
rCold   . . .      Faith    .   c - +0 buckler
rNeg    . . .      Spirit   .   b - +0 scale mail
rPois   .          Reflect  .   (helmet restricted)
rElec   .          Harm     .   (no cloak)
rCorr   .          Rampage  .   (no gloves)
Will    .....                   (no boots)
Stlth   ..........              (no amulet)
HPRegen 0.11/turn               (no ring)
MPRegen 0.08/turn               (no ring)

@: no status effects
A: horns 2, retaliatory headbutt
a: no special abilities


You were on level 2 of the Dungeon.
You visited 1 branch of the dungeon, and saw 2 of its levels.

You collected 20 gold pieces.


Innate Abilities, Weirdness & Mutations

You have a pair of horns on your head.
You reflexively headbutt those who attack you in melee.


   Skills:
 * Level 4.4 Fighting
 * Level 3.5 Axes
 + Level 4.1 Armour
 - Level 3.6 Shields


You had 2 spell levels left.
You didn't know any spells.
Your spell library was empty.

Inventory:

Hand Weapons
 a - a +0 war axe (weapon) {axe}
Missiles
 i - 63 stones (quivered) {throwing}
Armour
 b - a +0 scale mail (worn)
 c - a +0 buckler (worn)
Wands
 j - a wand of flame (16)
   (You found it on level 2 of the Dungeon)
Scrolls
 f - a scroll of identify {unknown}
 g - a scroll of holy word {unknown}
 h - a scroll of blinking {unknown}
Potions
 d - a potion of might
 e - 3 potions of invisibility {unknown}

Dungeon Overview and Level Annotations

Branches:
Dungeon (2/15)

Altars:

..#.........#
......!.....#
............
b.......... ##
.......... .##
......g.. ..###
.......g####.....
#..@......#
##.....^..###
##.........#
###...(...#..
...........#
####.......#
#.......#
#...<.†.#
#.......#


You could see 2 gnolls and a bat.


Message History

Your mp is fully restored (2).
You see here a +0 ring mail.
Key pressed, stopping explore.
Partly explored, can't reach some places. 😎 HP[+1]
Your hp is fully restored (33).
Partly explored, can't reach some places.
Partly explored, can't reach some places.
Partly explored, can't reach some places.
Partly explored, can't reach some places.
Partly explored, can't reach some places.
Partly explored, can't reach some places.
No target in view!
Partly explored, can't reach some places.
Unknown command.
There is a stone staircase leading down here.
You climb downwards.
The adder hisses angrily.
There is a stone staircase leading up here.
There are monsters nearby!
There are monsters nearby!
You miss the adder. The adder misses you. The bat hits you but does no damage.
The adder barely misses you. You furiously retaliate!
You headbutt the adder. You barely miss the adder.
The bat hits you but does no damage. The adder closely misses you. x2
You hit the adder. Your headbutt misses the adder. The bat barely misses you.
You furiously retaliate!
You headbutt the bat.
You kill the bat!
The adder closely misses you. You furiously retaliate!
You headbutt the adder, but do no damage.
You closely miss the adder. The adder barely misses you.
The adder closely misses you.
You slash the adder!
You kill the adder!
Your Armour skill increases to level 4! 😎 HP[+1]
You now have 34 max hp (+1).
Your hp is fully restored (34).
No target in view!
No target in view!
No target in view!
No target in view!
No target in view!
j - a wand of flame (16)
A gnoll comes into view. It is wielding a +0 halberd.
The gnoll shouts!
A gnoll comes into view. It is wielding a +0 flail.
The gnoll throws a throwing net.
You block the throwing net.
You see here a throwing net {=f!fthrowing}.
There are monsters nearby!
There are monsters nearby!
There are monsters nearby!
There are monsters nearby!
There are monsters nearby!
There are monsters nearby!
There are monsters nearby!
There are monsters nearby!
The gnoll shouts!
A gnoll comes into view. It is wielding a +0 flail.
The gnoll shouts!
You hear a shout!
A hobgoblin comes into view.
The hobgoblin shouts!
The gnoll barely misses you.
You closely miss the gnoll. The gnoll barely misses you.
The gnoll hits you from afar with a +0 halberd! 😮 HP[-14]
You take 14 damage, and now have 20/34 hp.
MASSIVE DAMAGE!! (PAUSE)
You barely miss the gnoll. You headbutt the gnoll!
The gnoll completely misses you. You furiously retaliate!
You headbutt the gnoll!
You kill the gnoll!
The gnoll barely misses you. x2
You hit the gnoll.
The gnoll barely misses you. x3 😮 HP[+1]
You hit the gnoll but do no damage. The gnoll hits you with a +0 flail.
* * * LOW HITPOINT WARNING * * *
The gnoll completely misses you. 😨 HP[-6]
You take 6 damage, and now have 15/34 hp.
You hit the gnoll. You hit the hobgoblin but do no damage.
You block the hobgoblin's attack. The gnoll closely misses you.
The gnoll barely misses you. The hobgoblin closely misses you.
The gnoll barely misses you.
You closely miss the gnoll. You barely miss the hobgoblin.
The gnoll closely misses you. The gnoll hits you but does no damage.
The hobgoblin barely misses you.
The gnoll hits you from afar with a +0 halberd!
* * * LOW HITPOINT WARNING * * *
😱 HP[-9]
You take 9 damage, and now have 6/34 hp.
MASSIVE DAMAGE!! (PAUSE)
You completely miss the gnoll. You hit the hobgoblin.
The gnoll closely misses you. The hobgoblin completely misses you.
The gnoll closely misses you.
You barely miss the gnoll. You hit the hobgoblin.
You kill the hobgoblin!
You block the gnoll's attack.
A bat comes into view.
The gnoll closely misses you. The gnoll hits you with a +0 flail!
You die...

Skill      XL: |  1  2  3 |
---------------+----------+-----
Fighting       | 4 |  4.4
Axes           | 3 |  3.5
Armour         | 4 |  4.1
Shields        | |  3.6

Action                   || total
-------------------------++-------
Melee: War axe           ||    58
       Headbutt          ||     6
Armor: Scale mail        ||    23
Dodge: Dodged            ||    44
Block: Buckler           ||    16

Levels and vault maps discovered:
D:1:      lightli_arrival_lavapool, layout_rooms, serial_forest,
          infiniplex_forest_straight_3, infiniplex_forest_lined_room_2,
          infiniplex_forest_end_2, infiniplex_forest_side_room,
          infiniplex_forest_lined_room_, infiniplex_forest_clump_diagonal,
          dreamdust_ecumenical_altar_hidden_monk_grotto
D:2:      layout_rooms, minmay_misc_feat_room

Notes
Turn   | Place    | Note
-------+----------+-------------------------------------------
     0 | D:1      | Sanktem7 the Minotaur Fighter began the quest for the Orb.
     0 | D:1      | Reached XP level 1. HP: 19/19 MP: 0/0
     0 | D:1      | magus.rc [v1.9.6]
    80 | D:1      | HP: 5/20 [frozen (2)]
   334 | D:1      | Reached XP level 2. HP: 27/27 MP: 1/1
   351 | D:1      | Reached skill level 4 in Fighting
   395 | D:1      | Found a faded altar of an unknown god.
   428 | D:1      | Reached skill level 3 in Axes
   680 | D:1      | Reached XP level 3. HP: 32/33 MP: 2/2
   752 | D:2      | Reached skill level 4 in Armour
   765 | D:2      | HP: 6/34 [gnoll (9)]
   767 | D:2      | Slain by a gnoll

Vanquished Creatures
  A gnoll (D:2)
  An adder (D:2)
  A dart slug (D:1)
  4 ball pythons (D:1)
  2 endoplasms (D:1)
  2 giant cockroaches (D:1)
  2 goblins (D:1)
  5 hobgoblins
  A quokka (D:1)
  4 bats
  3 frilled lizards (D:1)
  A kobold (D:1)
  2 rats (D:1)
29 creatures vanquished.

Vanquished Creatures (others)
  2 fungi (D:1)
  A plant (D:1)
3 creatures vanquished.

Grand Total: 32 creatures vanquished

Table legend:
 A = Non-vault XP
 B = Vault XP
 C = Vault XP percentage of total XP
 D = Non-vault monster count
 E = Vault monster count
 F = Vault count percentage of total count
                 A         B        C        D         E       F
            +---------+---------+-------+---------+---------+-------
      Total |      72 |       0 |   0.0 |      29 |       0 |   0.0
            +---------+---------+-------+---------+---------+-------
        D:1 |      42 |       0 |   0.0 |      25 |       0 |   0.0
        D:2 |      30 |       0 |   0.0 |       4 |       0 |   0.0
            +---------+---------+-------+---------+---------+-------

Illustrated notes

Table legend:
 A = Kills in this place as a percentage of kills in entire the game.
 B = Kills by you in this place as a percentage of kills by you in the entire game.
 C = Kills by friends in this place as a percentage of kills by friends in the entire game.
 D = Other kills in this place as a percentage of other kills in the entire game.
 E = Experience gained in this place as a percentage of experience gained in the entire game.
 F = Experience gained in this place divided by the number of levels of this place that you have seen.
                   A       B       C       D       E      F
               +-------+-------+-------+-------+-------+----------------------
         Total | 100.0 | 100.0 |   N/A |   N/A | 100.0 |  36.0
       Dungeon | 100.0 | 100.0 |   N/A |   N/A | 100.0 |  36.0
               +-------+-------+-------+-------+-------+----------------------

Table legend: (Time is in decaauts)
 A = Elapsed time spent in this place.
 B = Non-inter-level travel time spent in this place.
 C = Inter-level travel time spent in this place.
 D = Time resting spent in this place.
 E = Time spent auto-exploring this place.
 F = Levels seen in this place.
 G = Mean time per level.
                   A        B        C        D        E       F      G
               +--------+--------+--------+--------+--------+-----+--------+
         Total |    789 |    776 |     13 |      0 |    613 |   2 |  394.5 |
       Dungeon |    789 |    776 |     13 |      0 |    613 |   2 |  394.5 |
               +--------+--------+--------+--------+--------+-----+--------+

Top non-repeatable levels by time:
     D:1: 763 daAuts
     D:2: 26 daAuts
